 Dungeon Crawl Stone Soup version 0.32-a0-571-gec57dfcd37 (webtiles) character file.

Game seed: 2728333650630393179

36 ytrimaz the Trooper (level 3, -4/29 HPs)
             Began as a Coglin Fighter on Mar 1, 2024.
             Slain by a kobold
             ... wielding a +2 dagger of electrocution
              (16 damage)
             ... on level 2 of the Dungeon.
             The game lasted 00:00:55 (897 turns).

ytrimaz the Trooper (Coglin Fighter)                 Turns: 897, Time: 00:00:55

Health: -4/29      AC:  6    Str: 18    XL:     3   Next: 37%
Magic:  3/3        EV:  9    Int:  7    God:
Gold:   75         SH:  0    Dex: 13    Spells: 2/2 levels left

rFire   . . .        a - +0 war axe {Yume}
rCold   . . .        (no shield)
rNeg    . . .        b - +0 scale mail
rPois   .            (no helmet)
rElec   .            (no cloak)
rCorr   .            (no gloves)
SInv    .            (no boots)
Will    .....        (amulet unavailable) Stlth
                     (ring unavailable)
HPRegen 0.24/turn    (ring unavailable)
MPRegen 0.08/turn    (no gizmo)

%: no passive effects
@: lethally poisoned (-4 -> -12), revved
A: off-hand wielding, slow wielding, warmup strikes, no jewellery
a: Invent Gizmo


You were on level 2 of the Dungeon.
You visited 1 branch of the dungeon, and saw 2 of its levels.

You collected 75 gold pieces.


Innate Abilities, Weirdness & Mutations

You can wield a second weapon in your off-hand.
It takes a long time for you to wield or remove held weapons.
Your first few attacks do less damage.
You cannot equip rings or amulets.


   Skills:
 + Level 3.5 Fighting
 + Level 2.6 Axes
 + Level 3.1 Armour
 - Level 2.1 Shields


You had 2 spell levels left.
You didn't know any spells.
Your spell library contained the following spells:

 Spells                   Type           Power      Damage    Failure   Level
 Necrotise                Necr           0%         1d4       82%         1
 Tukima's Dance           Hex            0%         N/A       99%         3
 Vampiric Draining        Necr           0%         2d6       99%         3
 Dimensional Bullseye     Hex/Tloc       0%         N/A       100%        4
 Iskenderun's Mystic Bla  Conj/Tloc      0%         2d3       100%        4
 Martyr's Knell           Necr/Summ      0%         N/A       100%        4
 Curse of Agony           Necr           0%         N/A       100%        5

Inventory:

Hand Weapons
 a - a +0 war axe (weapon) {Yume}
Armour
 b - a +0 scale mail (worn)
Scrolls
 e - 2 scrolls of identify {unknown}
 f - a scroll of torment {unknown}
 h - a scroll of vulnerability {unknown}
 i - a scroll of noise {unknown}
 j - a scroll of fear {unknown}
Potions
 c - a potion of curing {unknown}
 d - a potion of might
 g - a potion of invisibility {unknown}
 k - a potion of mutation {unknown}

Dungeon Overview and Level Annotations

Branches:
Dungeon (2/15) Zot: 11075

Altars:

#. .. ##.### #. ..#
#..#.# #..#.## #.....###
#.#.####....#
#....S@..##.#####
##...KS..##...†.##
.....S....######..######
###.......#######......#
.......................
.<#.......###...........
. ######### #.......†...
#...........
#...........


You could see 2 adders, a ball python and a kobold.


Message History

You take 1 damage, and now have 23/24 hp.
The bat hits you but does no damage. The giant cockroach barely misses you.
You hit the bat.
You kill the bat!
You hit the giant cockroach.
You kill the giant cockroach!
You have reached level 3!
Your experience leads to an increase in your attributes!
Increase (S)trength, (I)ntelligence, or (D)exterity?
You feel stronger. x2
Your brain swirls with designs for a supercore Mk.4.
You just need some more time... 😎 HP[+6] MP[+1]
You now have 29 max hp (+5).
Your hp is fully restored (29).
Your mp is fully restored (3).
A giant cockroach comes into view.
A giant cockroach is nearby!
A giant cockroach is nearby!
A giant cockroach is nearby!
You closely miss the giant cockroach. The giant cockroach closely misses you.
Unknown command.
You hit the giant cockroach.
The giant cockroach bites you but does no damage. x2
You hit the giant cockroach.
You kill the giant cockroach!
No target in view!
You see here a giant cockroach corpse.
No target in view!
Unknown command.
A bat comes into view.
A bat is nearby!
A bat is nearby!
A bat is nearby!
The bat barely misses you.
An adder comes into view.
The bat barely misses you.
You barely miss the bat.
The adder hisses angrily.
The bat barely misses you. The adder bites you but does no damage.
You closely miss the adder. You hit the bat.
You kill the bat!
The adder barely misses you. x2
You barely miss the adder.
The adder bites you but does no damage. x2
Unknown command.
You miss the adder. The adder bites you. 😕 HP[-1]
You take 1 damage, and now have 28/29 hp.
You hit the adder. The adder barely misses you.
The adder bites you but does no damage.
You completely miss the adder.
The adder barely misses you. x2 😎 HP[+1]
Your hp is fully restored (29).
You slash the adder!
You kill the adder!
A goblin comes into view. It is wielding a +0 dagger.
The goblin shouts!
You hear a shout!
An adder comes into view.
You hear an angry hiss.
Unknown command.
An adder comes into view.
The adder hisses angrily. x2
Found an escape hatch in the ceiling.
A kobold comes into view.
It is wielding a +2 dagger of electrocution.
The goblin hits you with a +0 dagger.
A ball python comes into view.
The adder barely misses you.
You see here a +0 leather armour. 😕 HP[-3]
You take 3 damage, and now have 26/29 hp.
Unknown command.
There are monsters nearby!
You barely miss the adder. You barely miss the goblin.
You barely miss the adder.
The ball python hisses angrily.
The adder barely misses you. The goblin hits you with a +0 dagger.
The adder closely misses you. The adder bites you.
The goblin barely misses you. 😮 HP[-5]
You take 5 damage, and now have 21/29 hp.
Unknown command.
You are too injured to fight recklessly!
You are too injured to fight recklessly!
Unknown command.
You hit the adder. You hit the adder but do no damage. You hit the goblin.
You kill the goblin!
The adder closely misses you. The adder bites you.
You are poisoned.
The adder poisons you! The adder misses you.
The adder bites you but does no damage. 😮 HP[-3]
You take 3 damage, and now have 18/29 hp.
You miss the adder. You hit the adder. You closely miss the kobold.
You feel very sick. The adder barely misses you. The adder bites you.
You are more poisoned.
The adder poisons you!
The kobold hits you with a +2 dagger of electrocution.
* * * LOW HITPOINT WARNING * * *
You are electrocuted!
Ouch! That really hurt!
You die...

Skill      XL: |  1  2 |
---------------+-------+-----
Armour         | 3 |  3.1
Fighting       | |  3.5
Axes           | |  2.6
Shields        | |  2.1

Action                     || total
---------------------------++-------
  Melee: War axe           ||    47
 Armour: Scale mail        ||    54
  Dodge: Dodged            ||    44

Levels and vault maps discovered:
D:1:      sevenhm_arrival_forest_fort_small_4, layout_basic,
          dreamdust_ecumenical_altar_hidden_monk_grotto, minmay_misc_feat_iff
D:2:      layout_basic, serial_shops, shop, grunt_ministairs_2,
          nicolae_elevator_lobby_asterisk

Notes
Turn   | Place    | Note
-------+----------+-------------------------------------------
     0 | D:1      | ytrimaz the Coglin Fighter began the quest for the Orb.
     0 | D:1      | Reached XP level 1. HP: 18/18 MP: 1/1
     0 | D:1      | magus.rc [v1.9.6]
   133 | D:1      | You pick up a book of Weapons and begin reading...
   133 | D:1      | You add the spells Tukima's Dance, Dimensional Bullseye and
                  | Iskenderun's Mystic Blast to your library.
   268 | D:1      | You pick up a book of Necromancy and begin reading...
   268 | D:1      | You add the spells Necrotise, Vampiric Draining, Martyr's
                  | Knell and Curse of Agony to your library.
   274 | D:1      | Found a faded altar of an unknown god.
   301 | D:1      | Reached XP level 2. HP: 21/24 MP: 2/2
   559 | D:1      | Reached skill level 3 in Armour
   869 | D:2      | Reached XP level 3. HP: 29/29 MP: 3/3
   897 | D:2      | Slain by a kobold

Vanquished Creatures
  An adder (D:2)
  2 dart slugs (D:1)
  A ball python (D:1)
  An endoplasm (D:1)
  2 giant cockroaches (D:2)
  4 goblins
  2 quokkas (D:1)
  6 bats
  2 kobolds (D:2)
  A rat (D:2)
22 creatures vanquished.

Table legend:
 A = Non-vault XP
 B = Vault XP
 C = Vault XP percentage of total XP
 D = Non-vault monster count
 E = Vault monster count
 F = Vault count percentage of total count
                 A         B        C        D         E       F
            +---------+---------+-------+---------+---------+-------
      Total |      50 |       2 |   3.8 |      20 |       2 |   9.1
            +---------+---------+-------+---------+---------+-------
        D:1 |      25 |       0 |   0.0 |      11 |       0 |   0.0
        D:2 |      25 |       2 |   7.4 |       9 |       2 |  18.2
            +---------+---------+-------+---------+---------+-------

Skill      XL: |  1  2 |
---------------+-------+-----
Armour         | 3 |  3.1
Fighting       | |  3.5
Axes           | |  2.6
Shields        | |  2.1

Action                     || total
---------------------------++-------
  Melee: War axe           ||    47
 Armour: Scale mail        ||    54
  Dodge: Dodged            ||    44

Illustrated notes

Table legend:
 A = Kills in this place as a percentage of kills in the entire game.
 B = Kills by you in this place as a percentage of kills by you in the entire game.
 C = Kills by friends in this place as a percentage of kills by friends in the entire game.
 D = Other kills in this place as a percentage of other kills in the entire game.
 E = Experience gained in this place as a percentage of experience gained in the entire game.
 F = Experience gained in this place divided by the number of levels of this place that you have seen.
                   A       B       C       D       E      F
               +-------+-------+-------+-------+-------+----------------------
         Total | 100.0 | 100.0 |   N/A |   N/A | 100.0 |  26.0
       Dungeon | 100.0 | 100.0 |   N/A |   N/A | 100.0 |  26.0
               +-------+-------+-------+-------+-------+----------------------

Table legend: (Time is in decaauts)
 A = Elapsed time spent in this place.
 B = Non-inter-level travel time spent in this place.
 C = Inter-level travel time spent in this place.
 D = Time resting spent in this place.
 E = Time spent auto-exploring this place.
 F = Levels seen in this place.
 G = Mean time per level.
                   A        B        C        D        E       F      G
               +--------+--------+--------+--------+--------+-----+--------+
         Total |    923 |    874 |     49 |      0 |    713 |   2 |  461.5 |
       Dungeon |    923 |    874 |     49 |      0 |    713 |   2 |  461.5 |
               +--------+--------+--------+--------+--------+-----+--------+

Top non-repeatable levels by time:
     D:1: 804 daAuts
     D:2: 119 daAuts
